Map: Automaton LE

Players

gumiho - Winner!

  • Race: Terran Terran
  • Spawn Location: 9:00

Hurricane

  • Race: Protoss Protoss
  • Spawn Location: 3:00

Event: IEM Season 13: Katowice (2019)

VOD

Have the link to the VOD?

Description

Time

  • Played on: Feb. 26, 2019, 9:54 a.m.
  • Length: 14:03

All games in this series

Show
View Real Time Build Order
Export as new Build Order

gumiho Terran - Winner!

Build Orders: Liberator Opening 

Get SALT Encoding   

  12  0:00  SCV  
  13  0:12  SCV  
  14  0:18  Supply Depot  
  14  0:24  SCV  
  15  0:29  Refinery  
  15  0:39  SCV  
  16  0:45  Barracks  
  16  0:51  SCV  
  17  1:03  SCV  
  18  1:16  SCV  
  19  1:32  Reaper, Orbital Command  
  20  1:49  Command Center  
  20  1:57  Factory  
  20  2:01  SCV  
  21  2:07  Barracks Reactor  
  21  2:13  SCV  
  21  2:14  Refinery  
  22  2:19  Supply Depot  
  22  2:25  SCV  
  23  2:40  SCV  
  23  2:43  Starport  
  24  2:48  Hellion x2  
  28  2:52  SCV  
  29  3:02  Orbital Command  
  29  3:03  Liberator  
  29  3:05  SCV  
  30  3:11  Hellion  
  32  3:14  Hellion  
  37  3:29  SCV x2  
  37  3:31  Supply Depot  
  39  3:35  Widow Mine  
  39  3:39  Widow Mine  
  43  3:44  SCV  
  43  3:45  SCV  
  43  3:48  Barracks Tech Lab  
  43  3:50  Supply Depot  
  43  3:57  SCV x2  
  43  3:58  Widow Mine  
  43  4:00  Widow Mine  
  49  4:08  Stimpack, Marine  
  49  4:09  SCV x2  
  50  4:21  SCV  
  50  4:22  Widow Mine x2  
  50  4:24  SCV  
  56  4:28  Marauder  
  56  4:31  Bunker  
  50  4:33  SCV  
  50  4:34  Barracks  
  50  4:36  Barracks  
  51  4:43  SCV  
  51  4:45  Widow Mine, SCV, Supply Depot  
  54  4:49  Widow Mine, Marine  
  58  4:53  Engineering Bay  
  58  4:56  SCV  
  58  4:57  SCV  
  60  5:07  Barracks  
  60  5:11  Barracks  
  60  5:12  Marine  
  62  5:14  SCV x2  
  63  5:22  Barracks Reactor x2  
  63  5:26  SCV x2  
  65  5:30  Marauder  
  67  5:36  Terran Infantry Weapons Level 1  
  67  5:38  SCV x2  
  67  5:42  Starport Reactor  
  67  5:50  SCV x2  
  67  5:51  Factory Reactor  
  70  5:57  Barracks Tech Lab x2, Refinery  
  70  5:58  Refinery  
  70  6:03  Supply Depot  
  70  6:04  SCV  
  70  6:05  Supply Depot  
  70  6:06  SCV, Marine  
  70  6:10  Missile Turret  
  70  6:12  Combat Shield  
  70  6:19  Command Center  
  70  6:25  Supply Depot, SCV, Marine x3  
  74  6:26  Supply Depot  
  74  6:29  Supply Depot  
  74  6:31  Marauder  
  74  6:32  Medivac x2  
  79  6:34  Marauder  
  79  6:37  Marauder, Marine  
  79  6:39  SCV  
  85  6:40  SCV  
  86  6:49  Supply Depot  
  86  6:50  Supply Depot  
  86  6:51  SCV  
  86  6:52  SCV  
  86  6:53  Marine x4  
  92  6:57  Missile Turret  
  92  7:02  Medivac x2  
  92  7:05  Marauder  
  98  7:09  SCV x2  
  100  7:16  Starport  
  100  7:21  SCV x2  
  102  7:23  Marauder, Marine x2  
  102  7:24  Marine x2  
  102  7:27  Marauder  
  102  7:28  Concussive Shells  
  109  7:30  Marauder  
  109  7:34  Terran Infantry Armor Level 1  
  111  7:37  Medivac  
  111  7:38  SCV  
  111  7:39  SCV  
  111  7:40  Medivac  
  117  7:48  Marauder  
  117  7:50  SCV  
  117  7:51  SCV  
  121  7:57  Refinery  
  117  8:01  Refinery  
  117  8:02  Reaper, Marine  
  117  8:03  Marauder, Marine  
  117  8:04  Marauder  
  122  8:07  Marine  
  122  8:08  Viking  
  122  8:09  Marauder, Viking  
  119  8:17  Viking  
  121  8:20  Marine x2  
  121  8:24  Marauder  
  121  8:25  Marine x2  
  121  8:26  Orbital Command  
  119  8:28  SCV x2  
  119  8:30  Marine  
  119  8:32  Ghost Academy  
  122  8:34  Marine  
  122  8:40  Supply Depot  
  122  8:41  Supply Depot  
  123  8:42  SCV x2  
  123  8:43  Supply Depot  
  123  8:45  Viking  
  123  8:47  Viking  
  129  8:51  Viking  
  129  8:54  Viking  
  133  8:57  SCV x2  
  133  8:58  SCV  
  133  9:01  Marauder  
  135  9:12  Marine x2  
  138  9:17  SCV x2  
  138  9:20  Viking x2  
  138  9:21  Viking  
  141  9:24  Viking, Marine x2  
  141  9:26  Ghost x2  
  141  9:29  Ghost  
  142  9:38  Marine x2  
  136  9:40  SCV x2  
  136  9:41  SCV  
  140  9:52  Marine  
  140  9:53  Marine  
  140  9:55  Marauder x2  
  140  9:56  Marine x2  
  140  9:58  Marauder  
  116  10:10  Marine x2  
  116  10:13  Medivac x2  
  117  10:14  Marine x2  
  117  10:16  Marauder x2  
  117  10:18  SCV  
  117  10:19  SCV, Marine  
  125  10:26  Medivac x2  
  127  10:28  Marine x2  
  127  10:29  Armory  
  127  10:32  Engineering Bay, Supply Depot, Marine x2  
  130  10:37  Marauder  
  130  10:38  Marauder  
  130  10:41  Liberator  
  130  10:42  Liberator x3  
  134  10:46  Missile Turret  
  134  10:47  Missile Turret  
  134  10:49  Sensor Tower  
  134  10:50  Command Center  
  134  11:03  Marauder x2  
  150  11:06  Marine x3  
  150  11:08  Marine  
  150  11:10  Marine  
  155  11:16  Missile Turret  
  155  11:17  Supply Depot  
  155  11:22  Terran Infantry Weapons Level 2  
  155  11:23  Terran Infantry Armor Level 2  
  155  11:27  Supply Depot  
  155  11:31  Terran Ship Weapons Level 1  
  154  11:34  Marauder x2  
  154  11:39  Liberator x2  
  158  11:41  Marauder, Marine x2  
  158  11:42  Liberator  
  162  11:50  Marine x2  
  164  11:56  Marauder x2  
  177  12:03  Marauder  
  178  12:08  Planetary Fortress  
  178  12:13  Marine  
  178  12:14  Marine x3  
  182  12:16  Marine  
  182  12:17  Marauder  
  185  12:23  Marine  
  185  12:29  Refinery  
  185  12:31  Refinery, Marine  
  164  12:44  Marauder, Marine x2  
  164  12:45  Liberator x3  
  164  12:46  Marauder x2  
  164  12:49  Marine x2  
  150  13:00  SCV x2  
  150  13:01  SCV  
  150  13:02  Marine x2  
  153  13:06  Marauder  
  153  13:07  Marauder x2, Marine x2  
  159  13:20  Marine x2  
  159  13:22  Barracks  
  159  13:23  Barracks x2  
  159  13:25  Marine x2  
  153  13:27  Marauder  
  153  13:29  Marauder x2  
  153  13:37  Marine  
  153  13:38  Marine  
  155  13:44  Marine  
Show
View Real Time Build Order
Export as new Build Order

Hurricane Protoss 

Build Orders: 1 Gate Expand, Oracle Opening, Phoenix Opening 

Get SALT Encoding   

  12  0:00  Probe  
  13  0:12  Probe  
  14  0:17  Pylon  
  14  0:23  Probe  
  15  0:32  Probe  
  15  0:37  Gateway  
  15  0:40  Probe  
  16  0:46  Assimilator  
  17  0:51  Probe  
  18  1:03  Probe  
  19  1:15  Probe  
  20  1:25  Nexus  
  20  1:33  Cybernetics Core  
  20  1:37  Probe  
  21  1:42  Assimilator  
  21  1:49  Probe  
  21  1:53  Pylon  
  22  2:01  Adept, Probe  
  23  2:13  Probe  
  26  2:19  Stargate  
  26  2:25  Probe  
  26  2:26  Warp Gate, Adept  
  29  2:38  Probe x2  
  31  2:50  Probe x2  
  33  2:52  Adept  
  33  2:54  Oracle  
  35  3:02  Probe  
  35  3:03  Probe  
  40  3:14  Pylon, Probe  
  40  3:15  Probe  
  42  3:26  Probe  
  43  3:31  Probe, Phoenix  
  44  3:37  Gateway  
  44  3:38  Gateway  
  44  3:39  Probe  
  45  3:45  Probe  
  46  3:52  Pylon  
  46  3:53  Probe  
  47  3:57  Probe  
  50  4:05  Probe, Robotics Facility  
  50  4:09  Assimilator  
  50  4:10  Probe, Assimilator  
  48  4:19  Stalker  
  48  4:23  Probe  
  46  4:25  Probe  
  46  4:31  Probe  
  44  4:33  Probe  
  48  4:39  Probe  
  48  4:41  Probe  
  48  4:42  Stalker x2  
  52  4:50  Probe  
  53  4:53  Probe, Pylon  
  53  4:54  Observer  
  55  5:01  Probe  
  55  5:02  Probe  
  57  5:09  Probe  
  57  5:10  Probe  
  58  5:15  Observer  
  58  5:17  Probe  
  58  5:21  Probe, Nexus  
  60  5:24  Robotics Bay  
  62  5:29  Probe  
  62  5:33  Probe  
  64  5:41  Probe  
  64  5:42  Observer  
  66  5:46  Probe  
  67  5:53  Probe  
  67  5:56  Twilight Council  
  68  5:57  Forge  
  67  6:08  Pylon  
  70  6:11  Gateway  
  70  6:13  Colossus  
  70  6:14  Gateway  
  70  6:18  Extended Thermal Lance  
  66  6:20  Probe x2  
  66  6:21  Gateway  
  68  6:27  Pylon  
  68  6:30  Sentry, Blink  
  68  6:31  Sentry  
  78  6:35  Probe x3  
  78  6:39  Protoss Ground Weapons Level 1  
  81  6:47  Probe x3  
  81  6:49  Observer  
  81  6:50  Colossus  
  81  6:53  Pylon  
  84  6:59  Probe  
  82  7:02  Probe x2  
  90  7:09  Pylon  
  90  7:15  Pylon  
  90  7:16  Stalker x2, Observer  
  90  7:17  Zealot, Observer  
  90  7:18  Assimilator  
  90  7:21  Shield Battery, Assimilator  
  96  7:24  Probe  
  96  7:25  Probe x2  
  96  7:28  Pylon  
  99  7:32  Stalker  
  99  7:33  Stalker  
  99  7:36  Photon Cannon  
  103  7:45  Zealot, Stalker x2  
  109  8:04  Probe x2  
  90  8:13  Zealot x2  
  90  8:14  Zealot x3  
  90  8:17  Warp Prism  
  85  8:22  Probe x2  
  85  8:24  Probe  
  91  8:34  Probe  
  91  8:38  Stalker x3  
  97  8:43  Sentry x3  
  103  8:52  Probe x2  
  105  8:59  Probe  
  102  9:10  Stalker x5  
  102  9:11  Stalker  
  112  9:23  Probe x3  
  113  9:24  Protoss Ground Armor Level 1  
  113  9:30  Warp Prism  
  113  9:36  Zealot x3, Stalker x3  
  123  9:39  Charge  
  113  10:01  Colossus  
  99  10:13  Probe  
  100  10:17  Zealot x6  
  110  10:22  Probe  
  110  10:23  Probe  
  110  10:26  Probe  
  113  10:30  Probe  
  113  10:31  Probe  
  115  10:38  Probe  
  115  10:39  Probe  
  115  10:42  Forge  
  116  10:43  Disruptor  
  116  10:44  Zealot x3, Templar Archives  
  116  10:48  Zealot  
  126  10:50  Probe  
  126  10:51  Probe  
  130  10:58  Probe  
  130  11:02  Pylon  
  131  11:05  Protoss Ground Weapons Level 2  
  131  11:09  Pylon  
  131  11:10  Protoss Ground Armor Level 2  
  131  11:12  Disruptor  
  131  11:17  Observer  
  131  11:19  Robotics Facility  
  134  11:30  Stalker x3  
  139  11:45  Probe x2  
  139  11:46  Probe, Observer  
  128  11:48  Observer  
  129  11:54  Nexus  
  129  11:58  Pylon  
  129  12:00  Disruptor, Stalker x4  
  135  12:09  Disruptor  
  135  12:15  Stalker x2  
  145  12:25  Zealot x2  
  145  12:27  Zealot  
  145  12:29  Stalker  
  153  12:31  Probe  
  153  12:32  Probe x2  
  148  12:50  Colossus  
  107  12:52  Zealot  
  107  12:53  Zealot x5  
  91  13:14  Stalker x6  
  100  13:38  Zealot, High Templar x4  
  100  13:39  Zealot  
  108  13:42  Archon x2  
  108  13:56  Gateway  
  108  13:58  Gateway  

Tags
 
Add a new tag
Caveats
  • Supply blocks, unpowered buildings, or Contaminate may cause inaccurate times.
  • Supply counts are checked every 10 seconds.